 Dungeon Crawl Stone Soup version 0.27.0-1-g7a089689b8 (webtiles) character file.

Game seed: 852843688175227739

149 dtburroughs the Chopper (level 5, -1/47 HPs)
             Began as a Minotaur Berserker on Aug 4, 2021.
             Was a Believer of Trog.
             Slain by a gnoll (3 damage)
             ... while paralysed by Grinder
             ... on level 3 of the Dungeon.
             The game lasted 00:04:51 (2993 turns).

dtburroughs the Chopper (Minotaur Berserker)        Turns: 2993, Time: 00:04:51

Health: -1/47      AC: 11    Str: 22    XL:     5   Next: 9%
Magic:  4/4        EV:  2    Int:  5    God:    Trog [**....]
Gold:   121        SH:  0    Dex:  9    Spells: 4/4 levels left

rFire    . . .     SeeInvis .   h - +0 war axe
rCold    . . .     Faith    +   f - +0 buckler
rNeg     . . .     Spirit   .   i - +0 plate armour
rPois    .         Reflect  .   (helmet restricted)
rElec    .         Harm     .   (no cloak)
rCorr    .         Rampage  .   (no gloves)
Will     .....                  (no boots)
Stlth    ..........             d - amulet of faith
HPRegen  0.15/turn              (no ring)
MPRegen  0.09/turn              (no ring)

@: paralysed
A: horns 2, retaliatory headbutt
a: Renounce Religion, Berserk, Trog's Hand


You were on level 3 of the Dungeon.
You worshipped Trog.
Trog was pleased with you.
You visited 1 branch of the dungeon, and saw 3 of its levels.

You collected 121 gold pieces.

Inventory:

Hand Weapons
 h - a +0 war axe (weapon)
Armour
 f - a +0 buckler (worn)
 i - a +0 plate armour (worn)
Jewellery
 d - an amulet of faith (around neck)
Scrolls
 a - a scroll of enchant armour {unknown}
 c - 2 scrolls of enchant weapon {unknown}
 e - 2 scrolls of immolation {unknown}
 g - 4 scrolls of identify {unknown}
 j - a scroll of magic mapping {unknown}
Potions
 b - a potion of degeneration {unknown}


   Skills:
 + Level 4.5 Fighting
 + Level 4.6 Axes
 + Level 3.5 Armour
 + Level 3.3 Dodging
 + Level 1.9 Shields


You had 4 spell levels left.
You didn't know any spells.
Your spell library was empty.

Dungeon Overview and Level Annotations

Branches:
Dungeon (3/15)

Altars:
Fedhas
Xom

Annotations:
D:3 Grinder


Innate Abilities, Weirdness & Mutations

You have a pair of horns on your head.
You reflexively headbutt those who attack you in melee.


Message History

The gnoll hits you but does no damage.
The gnoll hits you from afar with a +0 spear.
* * * LOW HITPOINT WARNING * * *
You feel yourself speed up.
You feel the effects of Trog's Hand fading.
The gnoll completely misses you.
Your skin stops crawling.
You feel less strong-willed.
You recover from your berserk rage.
The gnoll barely misses you. The gnoll barely misses you.
You see here a +0 halberd.
Your skin crawls.
You feel strong-willed. The gnoll hits you but does no damage.
You feel the effects of Trog's Hand fading.
Your skin stops crawling.
You feel less strong-willed.
An iguana comes into view.
The iguana hisses angrily.
Grinder comes into view.
The iguana bites you.
Grinder blinks!
Grinder says, "I used to sell toenails on the black market."
Grinder grins, showing sharp teeth.
Grinder gestures at you. Pain shoots through your body! The iguana bites you.
You block the gnoll's attack.
The gnoll hits you from afar with a +0 spear.
Grinder gestures at you.
You suddenly lose the ability to move!
Grinder hits you.
You writhe in agony.
The gnoll hits you from afar with a +0 spear.
The iguana bites you but does no damage.
The gnoll hits you but does no damage. Grinder hits you but does no damage.
The gnoll hits you but does no damage. The iguana barely misses you.
The gnoll hits you but does no damage. Grinder gestures at you.
Pain shoots through your body!
* * * LOW HITPOINT WARNING * * *
The gnoll hits you from afar with a +0 spear.
You die...

# #......######...# .♣..♣♣..^.
#### #...............##.♣..♣♣....
...# #...............#..♣..♣♣....
#### ####.##.........#.♣♣..♣♣....
# #.##...........♣..♣♣..... #
#.##..........♣♣..♣♣..... ######
#.##......g...♣..♣♣......
.....####.##....g5....♣..♣♣._..))
................@lg...♣..♣♣...#.#
..g...###.##..........♣♣..♣♣.##.#
......###'##########...♣♣..♣....#
.....)......##### #...♣♣..♣♣....
................# ##...♣..♣♣.###
............###.# ##.♣♣..♣.#
............# #.# #.......#
#...........# #g# #########
#...........# #.# #####


You could see Grinder, an iguana and 3 gnolls.

Vanquished Creatures
  An orc priest (D:3)
  An orc wizard (D:3)
  An adder (D:3)
  A gnoll (D:3)
  3 dart slugs
  8 orcs (D:3)
  2 ball pythons
  4 bats
  4 endoplasms
  4 giant cockroaches
  4 goblins
  2 hobgoblins
  6 jackals (D:3)
  4 quokkas
  A frilled lizard (D:3)
  8 kobolds
  4 rats
58 creatures vanquished.

Notes
Turn   | Place    | Note
-------+----------+-------------------------------------------
     0 | D:1      | dtburroughs the Minotaur Berserker began the quest for the
                  | Orb.
     0 | D:1      | Reached XP level 1. HP: 19/19 MP: 0/0
   161 | D:1      | Reached XP level 2. HP: 22/27 MP: 1/1
   211 | D:1      | Found a faded altar of an unknown god.
   932 | D:2      | Reached ** piety under Trog
   933 | D:2      | Reached XP level 3. HP: 30/33 MP: 2/2
  2056 | D:3      | Reached skill level 1 in Shields
  2196 | D:3      | Found a blossoming altar of Fedhas.
  2228 | D:3      | Found a shimmering altar of Xom.
  2249 | D:3      | Reached XP level 4. HP: 38/40 MP: 3/3
  2499 | D:3      | Reached XP level 5. HP: 19/47 MP: 4/4
  2894 | D:3      | HP: 3/70 [gnoll (10)]
  2916 | D:3      | HP: 2/47 [gnoll (7)]
  2982 | D:3      | Noticed Grinder
  2990 | D:3      | Paralysed by Grinder for 7 turns
  2993 | D:3      | HP: 2/47 [Grinder/nerve-wracking pain (14)]
  2993 | D:3      | Slain by a gnoll

Illustrated notes

Levels and vault maps discovered:
D:1:      psy_arrival_terrarium, layout_basic, chequers_ecumenical_altar_island,
          minmay_misc_feat_cross
D:2:      layout_basic, amcnicky_mini_corridor_feature
D:3:      layout_basic, mainiacjoe_overflow_catch_the_wave, skrybe_limestone_x,
          uniq_grinder

Skill      XL: |  1  2  3 |
---------------+----------+-----
Fighting       | 4 |  4.5
Axes           | 4 |  4.6
Armour         | 3 |  3.5
Shields        | 1 |  1.9
Dodging        | 3 |  3.3

Action                   |  1- 3 |  4- 6 || total
-------------------------+-------+-------++-------
Melee: Hand axe          |    52 |       ||    52
       Headbutt          |    15 |     3 ||    18
       War axe           |    36 |    46 ||    82
Invok: Trog's Hand       |       |     3 ||     3
       Berserk           |       |     2 ||     2
Armor: Animal skin       |    21 |       ||    21
       Plate armour      |    26 |    53 ||    79
Dodge: Dodged            |    41 |    25 ||    66
Block: Buckler           |     5 |     7 ||    12
